 Dungeon Crawl Stone Soup version 0.19.0-2-gae57169 (webtiles) character file.

327 Patchouli the Shooter (level 6, 9/28 HPs)
             Began as a Spriggan Hunter on Nov 6, 2016.
             Was a Believer of Zin.
             Quit the game on level 7 of the Dungeon.
             The game lasted 00:15:51 (2549 turns).

Patchouli the Shooter (Spriggan Hunter)             Turns: 2549, Time: 00:15:52

Health: 9/28       AC:  2    Str:  7 (8)  XL:     6   Next: 24%
Magic:  7/7        EV: 20    Int: 12 (13) God:    Zin [**....]
Gold:   194        SH:  0    Dex: 15 (18) Spells: 0 memorised, 5 levels left

rFire  + . .     SeeInvis +     b - +0 dagger (speed)
rCold  . . .     Gourm    .     c - +0 robe
rNeg   . . .     Faith    .     (shield restricted)
rPois  .         Spirit   .     (helmet restricted)
rElec  .         Reflect  .     (no cloak)
rCorr  .         Harm     .     (gloves unavailable)
MR     +....     Rnd*Rage +     (boots unavailable)
Stlth  +++.......               (no amulet)
                                (no ring)
                                h - ring of see invisible

@: very quick
A: unfitting armour, see invisible, berserk 1, fire resistance 1, herbivore 3,
speed 3, frail 1, slow metabolism 2
a: Recite, Vitalisation, Donate Gold, Renounce Religion


You were on level 7 of the Dungeon.
You worshipped Zin.
Zin was pleased with you.
You were not hungry.

You visited 1 branch of the dungeon, and saw 8 of its levels.

You collected 215 gold pieces.
You donated 21 gold pieces to Zin.

Inventory:

Hand Weapons
 a - a +2 shortbow
 b - a +0 dagger of speed (weapon)
 r - a +0 short sword
Missiles
 d - 5 arrows
Armour
 c - a +0 robe (worn)
Jewellery
 h - a ring of see invisible (left hand)
Wands
 e - a wand of acid (4/15)
Scrolls
 j - 2 scrolls of identify
 k - 2 scrolls of remove curse
Potions
 i - a potion of mutation
 s - a potion of haste {unknown}
Books
 q - a book of Power

   Spells                             Type                      Level
   a - Fulminant Prism                Conjuration/Hexes            4
   b - Iskenderun's Mystic Blast      Conjuration                  4
   c - Venom Bolt                     Conjuration/Poison           5
   d - Bolt of Magma                  Conjuration/Fire/Earth       5
   e - Iron Shot                      Conjuration/Earth            6
   f - Orb of Destruction             Conjuration                  7
   g - Spellforged Servitor           Conjuration/Summoning        7
Comestibles
 f - 2 bread rations
 p - a slice of pizza


   Skills:
 + Level 2.9 Fighting
 * Level 6.9 Bows
 + Level 4.8 Dodging
 - Level 4.0 Stealth
 * Level 0.4 Invocations
 + Level 1.0 Evocations


You had 5 spell levels left.
You didn't know any spells.

Dungeon Overview and Level Annotations

Branches:
Dungeon (8/15)
 Temple: D:4-7         Lair: D:8-11

Altars:
Cheibriados
Hepliaklqana
Nemelex Xobeh
Trog
Zin

Shops:
D:4 %[

Annotations:
D:5 Eustachio, Sigmund


Innate Abilities, Weirdness & Mutations

You are very small and have problems with some larger weapons.
You are too small for most types of armour.
You have supernaturally acute eyesight. (SInv)
You are a herbivore.
You cover ground extremely quickly.
You need consume almost no food.
You tend to lose your temper in combat.
Your flesh is heat resistant. (rF+)
You are frail. (-10% HP)


Message History

The orc wizard gestures at you while chanting.
The magic dart hits you! The bullfrog closely misses you.
Your hands tingle!
b - a +0 dagger of speed (weapon)
The bullfrog hits you but does no damage.
The orc wizard barely misses you.
You hit the orc wizard but do no damage.
The bullfrog misses you.
You hit the orc wizard.
The orc wizard is lightly wounded.
The bullfrog hits you!
You hit the orc warrior but do no damage.
The bullfrog swells and bulges.
The bullfrog completely misses you.
You hit the orc warrior but do no damage.
The bullfrog hits you but does no damage.
You hit the orc warrior.
The orc warrior is lightly wounded.
The orc warrior barely misses you.
Are you sure you want to abandon this character and quit the game? (Confirm with "yes".)

#......#.########.(...*****
#..#####.# **...#*****
#..### #.# **...,,,,*
#....# #.### **y#***,*
#.##.# #...####### *,#***,*
#.##.# #...[.....# *,*,,,,*
#.##.# #.#.#####.* *,*,****
##.##.# #.#F# *,* *,*,*
######...#.# #.#@# *,*
*,*,**** ......<..#.# #.#o#
*,* *,*,,,,, ######...#.#
#.#o#* *,* *,,,,,,≈ #####.#
#.#oo* *,* ***,,,*≈ #.#
#.##o* *,* *,,,≈≈ ### #.#
*,**.# *,* **,,,* ..#* #.#
*,**.#***,* **,,,,
.#.**##*##.# *,,,..,,,,*
*,,*,, **#.##.,.#.#
****,**********,***,


You could see an orc warrior, a bullfrog, 2 orc wizards and 2 orcs.

Vanquished Creatures
  An ogre (D:5)
  A crimson imp (D:5)
  2 jellies
  An orc wizard (D:5)
  An iguana (D:6)
  Ijyb (D:3)
  A gnoll (D:6)
  An adder (D:4)
  A shadow imp (D:6)
  2 dart slugs (D:3)
  7 orcs
  3 giant cockroaches
  4 goblins
  3 hobgoblins
  2 kobolds
  A ball python (D:3)
  8 bats
  4 rats
44 creatures vanquished.

Notes
Turn   | Place    | Note
-------+----------+-------------------------------------------
     0 | D:1      | Patchouli the Spriggan Hunter began the quest for the Orb.
     0 | D:1      | Reached XP level 1. HP: 10/10 MP: 2/2
   181 | D:1      | Reached skill level 5 in Bows
   270 | D:1      | Reached XP level 2. HP: 15/15 MP: 3/3
   427 | D:3      | You fall through a shaft for 2 floors!
   427 | D:5      | Entered Level 5 of the Dungeon
   442 | D:5      | Noticed a crimson imp
   446 | D:5      | Killed a crimson imp
   446 | D:5      | Reached XP level 3. HP: 18/18 MP: 4/4
   454 | D:5      | Noticed an ogre
   479 | D:5      | Killed an ogre
   479 | D:5      | Reached skill level 6 in Bows
   479 | D:5      | Reached XP level 4. HP: 23/23 MP: 5/5
   533 | D:6      | Reached XP level 5. HP: 27/27 MP: 6/6
   801 | D:6      | Noticed an orc warrior
   874 | D:6      | Found a bloodstained altar of Trog.
   876 | D:6      | Noticed a sky beast
   881 | D:6      | Noticed an ogre
   891 | D:6      | Found a hazy altar of Hepliaklqana.
   903 | D:5      | Noticed Sigmund
   907 | D:5      | Noticed a slave
   907 | D:5      | Noticed a slave
   909 | D:5      | Noticed a slave
   915 | D:5      | Noticed Eustachio
   922 | D:5      | Gained mutation: You tend to lose your temper in combat. [potion of mutation]
   922 | D:5      | Gained mutation: Your flesh is heat resistant. (rF+) [potion of mutation]
   922 | D:5      | Gained mutation: You are frail. (-10% HP) [potion of mutation]
  1275 | D:4      | Found a glowing silver altar of Zin.
  1280 | D:4      | Became a worshipper of Zin the Law-Giver
  1280 | D:4      | Reached * piety under Zin
  1378 | D:4      | Found Apuen's Food Emporium.
  1418 | D:4      | Found Ifetuoss's Antique Armour Shoppe.
  1623 | D:3      | Noticed Ijyb
  1694 | D:3      | Reached XP level 6. HP: 28/28 MP: 7/7
  1714 | D:3      | Found a sparkling altar of Nemelex Xobeh.
  1761 | D:3      | Killed Ijyb
  1886 | D:4      | Reached ** piety under Zin
  1984 | D:6      | Found a snail-covered altar of Cheibriados.
  2074 | D:7      | Reached skill level 1 in Evocations
  2393 | D:7      | Noticed a hippogriff
  2535 | D:7      | Noticed an orc warrior
  2549 | D:7      | Quit the game

Skill      XL: |  1  2  3  4  5  6 |
---------------+-------------------+-----
Stealth        | 2 3 4 |  4.0
Bows           | 5 6 |  6.9
Fighting       | 2 |  2.9
Dodging        | 4 |  4.8
Evocations     | 1 |  1.0
Invocations    | |  0.4

Action                   |  1- 3 |  4- 6 || total
-------------------------+-------+-------++-------
Melee: Short sword       |       |    32 ||    32
       Dagger            |       |     5 ||     5
 Fire: Shortbow          |    37 |   110 ||   147
Invok: Recite            |       |     2 ||     2
Evoke: Wand              |       |     1 ||     1
  Use: Potion            |       |     4 ||     4
       Scroll            |       |     8 ||     8
 Stab: Sleeping          |       |     1 ||     1
Armor: Robe              |     2 |    12 ||    14
Dodge: Dodged            |     1 |   120 ||   121
